Map: Catalyst LE

Players

MaNa

  • Race: Protoss Protoss
  • Spawn Location: 5:00

Trust - Winner!

  • Race: Protoss Protoss
  • Spawn Location: 11:00

Event: IEM Season 12 - Katowice

VOD

Have the link to the VOD?

Description

Time

  • Played on: Feb. 26, 2018, 10:40 a.m.
  • Length: 5:07

All games in this series

Show
View Real Time Build Order
Export as new Build Order

MaNa Protoss 

Build Orders:  

Get SALT Encoding   

  12  0:00  Probe  
  13  0:12  Probe  
  14  0:18  Pylon  
  14  0:24  Probe (Chrono Boost)  
  15  0:36  Probe (Chrono Boost)  
  15  0:39  Gateway  
  16  0:44  Probe (Chrono Boost)  
  16  0:48  Assimilator  
  17  0:51  Probe (Chrono Boost)  
  18  0:57  Assimilator  
  18  1:03  Probe (Chrono Boost)  
  19  1:11  Probe (Chrono Boost)  
  20  1:12  Gateway  
  20  1:17  Probe  
  21  1:27  Cybernetics Core  
  21  1:29  Probe  
  22  1:35  Pylon  
  22  1:41  Probe  
  23  1:53  Probe  
  24  2:02  Warp Gate (Chrono Boost)  
  24  2:04  Stalker  
  24  2:05  Probe, Sentry  
  29  2:14  Pylon  
  29  2:32  Stalker  
  29  2:33  Probe  
  29  2:34  Stalker  
  33  2:54  Nexus  
  33  3:02  Stalker  
  35  3:09  Stalker  
  37  3:15  Pylon  
  37  3:19  Probe  
  38  3:31  Probe  
  39  3:39  Shield Battery  
  39  3:43  Probe  
  40  3:49  Twilight Council  
  40  3:59  Stalker  
  40  4:00  Stalker  
  40  4:13  Shield Battery  
  40  4:22  Stalker x2  
  40  4:23  Shield Battery  
  34  4:42  Stalker x2  
  29  5:00  Robotics Facility  
Show
View Real Time Build Order
Export as new Build Order

Trust Protoss - Winner!

Build Orders: Dark Templar Rush 

Get SALT Encoding   

  12  0:00  Probe  
  13  0:12  Probe  
  14  0:17  Pylon  
  14  0:24  Probe  
  15  0:36  Gateway  
  15  0:38  Probe (Chrono Boost)  
  16  0:43  Assimilator  
  16  0:47  Probe (Chrono Boost)  
  17  0:54  Probe (Chrono Boost)  
  18  0:57  Assimilator  
  18  1:06  Probe (Chrono Boost)  
  18  1:08  Gateway  
  19  1:12  Probe (Chrono Boost)  
  20  1:23  Cybernetics Core  
  20  1:24  Probe  
  21  1:32  Pylon  
  21  1:36  Probe  
  22  1:48  Probe  
  23  1:58  Warp Gate (Chrono Boost)  
  23  1:59  Stalker x2  
  23  2:00  Probe  
  28  2:15  Pylon  
  28  2:29  Stalker  
  30  2:34  Pylon  
  30  2:38  Gateway  
  30  2:48  Twilight Council  
  30  2:51  Stalker  
  32  2:59  Stalker  
  34  3:08  Pylon  
  34  3:20  Shield Battery  
  34  3:24  Dark Shrine  
  34  3:47  Stalker x3  
  39  4:14  Stalker x2  
  39  4:15  Stalker  
  45  4:17  Pylon  
  33  4:41  Dark Templar  
  33  4:42  Adept x2  

Tags
 
Add a new tag
Caveats
  • Supply blocks, unpowered buildings, or Contaminate may cause inaccurate times.
  • Supply counts are checked every 10 seconds.